Map: Rifts to Korhal

Players

huio

  • Race: Terran Terran
  • Spawn Location: 7:00

NamroodTuo

  • Race: Terran Terran

VOD

Have the link to the VOD?

Description

Time

  • Played on: June 9, 2023, 7:28 a.m.
  • Length: 14:56
Show
View Real Time Build Order
Export as new Build Order

huio Terran 

Build Orders:  

Get SALT Encoding   

  12  0:03  SCV  
  13  0:20  SCV  
  14  0:37  SCV  
  14  0:38  Refinery  
  15  0:54  SCV, Refinery  
  16  1:11  SCV  
  17  1:28  SCV  
  17  1:29  Barracks  
  18  1:45  SCV  
  18  1:49  Engineering Bay  
  19  2:01  Ghost Visor  
  19  2:02  SCV  
  20  2:19  SCV  
  21  2:35  SCV  
  21  2:37  Factory  
  22  2:48  Caduceus Reactor  
  22  2:52  SCV  
  23  3:07  Railgun Turret  
  23  3:38  Railgun Turret  
  23  3:41  Armory  
  23  3:44  Starport  
  23  4:08  Command Center  
  23  4:12  SCV  
  24  4:29  SCV  
  25  5:22  Starport Tech Lab  
  25  5:37  Terran Vehicle and Ship Weapons Level 1  
  25  6:40  Raid Artillery  
  25  6:50  Refinery x2  
  25  7:10  Smart Servos  
  25  7:55  Enhanced Manufacturing  
  25  8:07  SCV  
  26  8:12  Raid Liberator  
  26  8:17  Terran Vehicle And Ship Armor Level 1  
  32  8:40  Covert Triage  
  32  9:06  Raven Type-II  
  34  9:57  Griffin Airstrike  
  34  10:33  Raid Liberator  
  40  10:57  Terran Vehicle and Ship Weapons Level 2  
  40  11:19  Raven Type-II  
  42  11:54  Griffin Airstrike  
  42  13:08  Defensive Drone  
  42  13:12  Griffin Airstrike  
  42  13:59  Griffin Airstrike  
  42  14:35  Raid Liberator  
Show
View Real Time Build Order
Export as new Build Order

NamroodTuo Terran 

Build Orders:  

Get SALT Encoding   

  12  0:03  SCV  
  13  0:20  SCV  
  14  0:38  SCV  
  15  0:55  SCV  
  16  1:12  SCV  
  16  1:17  Refinery  
  17  1:21  Refinery  
  17  1:29  SCV  
  18  1:39  Command Center  
  18  1:46  SCV  
  19  2:03  SCV  
  20  2:16  Engineering Bay  
  20  2:20  Engineering Bay  
  20  2:22  SCV  
  21  2:43  SCV  
  22  3:01  Gunslingers Hideout, Tychus  
  22  3:17  SCV  
  23  3:34  SCV  
  24  3:51  SCV  
  25  4:01  James Sirius Sykes  
  35  4:32  Command Center  
  35  4:56  Outlaw Weapons Level 1  
  35  4:58  Outlaw Life and Armor Level 1  
  35  5:03  SCV  
  35  5:08  SCV  
  37  5:20  SCV  
  37  5:25  SCV  
  39  5:37  SCV  
  40  5:42  SCV  
  41  5:54  SCV  
  41  5:59  SCV  
  43  6:11  SCV  
  43  6:16  SCV  
  45  6:39  Kel-Morian Ripper Rounds  
  45  6:45  SCV  
  46  6:56  Fixers Safehouse  
  46  6:59  SCV  
  47  7:01  SCV  
  47  7:04  Refinery  
  47  7:07  Refinery  
  48  7:16  SCV  
  48  7:18  SCV  
  50  7:33  SCV, Muscle Armory  
  50  7:35  SCV  
  52  7:50  SCV  
  52  7:52  SCV  
  54  8:07  SCV  
  54  8:09  SCV  
  56  8:50  Kev Rattlesnake West  
  56  8:59  Medivac Platform  
  66  9:03  Outlaw Weapons Level 2  
  66  9:05  Outlaw Life and Armor Level 2  
  66  9:11  SA-55 Thunderbolt Missiles  
  66  10:43  Vega  
  76  11:44  Outlaw Weapons Level 3  
  76  11:46  Outlaw Life and Armor Level 3  
  76  12:01  Moebius Psionic Motivator  
  76  12:13  SCV  
  77  12:30  SCV  
  78  12:47  SCV  
  79  13:04  SCV  
  79  13:08  Rob Cannonball Boswell  
  90  13:21  SCV  
Tags
 
Commander
NovaTychus
Matchup
Co-op
Replay Pack
Multiplayer
Add a new tag
Caveats
  • Supply blocks, unpowered buildings, or Contaminate may cause inaccurate times.
  • Supply counts are checked every 10 seconds.